 Dungeon Crawl Stone Soup version 0.24-a0-762-gca426f5 (webtiles) character file.

Game seed: 2245799465796135719, levelgen mode: deterministic

300 Bloodrosh the Chopper (level 6, -6/55 HPs)
             Began as a Hill Orc Fighter on Oct 4, 2019.
             Mangled by Duvessa
             ... wielding a +0 short sword
              (12 damage)
             ... on level 4 of the Dungeon.
             The game lasted 00:10:39 (2450 turns).

Bloodrosh the Chopper (Hill Orc Fighter)            Turns: 2450, Time: 00:10:40

Health: -6/55      AC: 17    Str: 26    XL:     6   Next: 36%
Magic:  6/6        EV:  5    Int:  8    God:
Gold:   164        SH: 10    Dex: 10    Spells: 5/5 levels left

rFire    . . .     SeeInvis .   a - +0 war axe
rCold    . . .     Gourm    .   c - +0 shield
rNeg     . . .     Faith    .   A - +0 plate armour
rPois    .         Spirit   .   (no helmet)
rElec    .         Reflect  .   k - +0 cloak
rCorr    .         Harm     .   t - +0 pair of gloves
MR       .....                  h - +2 pair of boots
Stlth    ..........             (no amulet)
HPRegen  0.18/turn              (no ring)
MPRegen  0.10/turn              (no ring)

@: mighty, lethally poisoned (-6 -> -24)
A: no striking features
a: no special abilities


You were on level 4 of the Dungeon.
You were hungry.

You visited 1 branch of the dungeon, and saw 4 of its levels.

You collected 164 gold pieces.

Inventory:

Hand Weapons
 a - a +0 war axe (weapon)
 z - the +14 Maxwell's thermic engine {flame, freeze}
   (You took it off an orc wizard on level 4 of the Dungeon)

   It has been specially enchanted to burn those struck by it, causing extra
   injury to most foes and up to half again as much damage against particularly
   susceptible opponents.
   Big, fiery blades are also staple armaments of hydra-hunters.
   It has been specially enchanted to freeze those struck by it, causing extra
   injury to most foes and up to half again as much damage against particularly
   susceptible opponents.
Armour
 b - a +0 scale mail
 c - a +0 shield (worn)
 h - a +2 pair of boots (worn)
 k - a +0 cloak (worn)
 t - a +0 pair of gloves (worn)
 A - a +0 plate armour (worn)
Wands
 y - a wand of paralysis (9)
Scrolls
 g - a scroll of random uselessness {unknown}
 i - a scroll of enchant armour {unknown}
 m - 2 scrolls of remove curse {unknown}
 n - a scroll of blinking {unknown}
 s - 2 scrolls of teleportation {unknown}
 u - a scroll of immolation {unknown}
 x - a scroll of identify {unknown}
Potions
 d - a potion of might
 e - a potion of mutation {unknown}
 j - a potion of magic {unknown}
 l - a potion of cancellation {unknown}
 o - 2 potions of ambrosia {unknown}
 p - a potion of berserk rage {unknown}
 q - a potion of brilliance {unknown}
 r - a potion of lignification {unknown}
 v - 2 potions of curing {unknown}
 w - a potion of heal wounds {unknown}
Comestibles
 f - 5 rations


   Skills:
 + Level 4.9 Fighting
 * Level 5.8 Axes
 + Level 4.4 Armour
 + Level 4.4 Shields


You had 5 spell levels left.
You didn't know any spells.
Your spell library was empty.

Dungeon Overview and Level Annotations

Branches:
Dungeon (4/15)
 Temple: D:4-7

Altars:
Ashenzari
Sif Muna

Annotations:
D:4 Duvessa


Message History

You are lethally poisoned!
The orc wizard mumbles some strange words.
The orc wizard blinks!
Dowan says, "Stay away from my face!"
You block Dowan's attack.
Duvessa throws a poisoned dart.
The poisoned dart hits you!
You are more poisoned.
You slice Dowan!!
You kill Dowan!
Duvessa screams in rage.
Duvessa goes berserk!
* * * LOW HITPOINT WARNING * * *
You feel sick. You block Duvessa's attack.
You slice Duvessa!!
Duvessa is moderately wounded.
* * * LOW HITPOINT WARNING * * *
You feel very sick.
The orc wizard mumbles some strange words.
The orc wizard blinks!
Duvessa hits you with a +0 short sword!
You die...

........<.. ......#####
...# ###...##.. ....#
#....##.# ....#
##.#..##.##########....##
.........................
###..#..#.#####..........
#.###...## #..e§.......
#.# ###..# #..@))......
#.# ##)###)..(....... #.#
#.....)......... #.#
#/##........§<.. #.#
#.###(.......... #.# #.#
##.......... #..
####...[... ##. ##..### .
.##


You could see Duvessa (berserk).

Vanquished Creatures
  Dowan (D:4)
  2 hounds (D:4)
  Jessica (D:2)
  2 orc wizards (D:4)
  3 adders
  3 worms
  A dart slug (D:1)
  3 leopard geckos
  8 orcs
  4 bats
  3 giant cockroaches
  10 goblins
  3 hobgoblins
  9 jackals
  13 kobolds
  2 frilled lizards (D:2)
  7 rats
75 creatures vanquished.

Notes
Turn   | Place    | Note
-------+----------+-------------------------------------------
     0 | D:1      | Bloodrosh the Hill Orc Fighter began the quest for the Orb.
     0 | D:1      | Reached XP level 1. HP: 19/19 MP: 1/1
   200 | D:1      | Reached skill level 3 in Axes
   204 | D:1      | Reached XP level 2. HP: 11/27 MP: 2/2
   623 | D:1      | Reached XP level 3. HP: 32/33 MP: 3/3
   971 | D:2      | Noticed Jessica
   988 | D:2      | Killed Jessica
   988 | D:2      | Reached skill level 4 in Axes
   988 | D:2      | Reached XP level 4. HP: 16/40 MP: 4/4
  1219 | D:2      | Found a faded altar of an unknown god.
  2045 | D:3      | Found a shattered altar of Ashenzari.
  2133 | D:3      | Found a shimmering blue altar of Sif Muna.
  2193 | D:3      | You fall into a shaft and drop 1 floor!
  2194 | D:4      | Reached XP level 5. HP: 47/47 MP: 5/5
  2418 | D:4      | Reached skill level 5 in Axes
  2441 | D:4      | Reached XP level 6. HP: 36/53 MP: 6/6
  2442 | D:4      | Noticed Dowan
  2443 | D:4      | Noticed Duvessa
  2449 | D:4      | Killed Dowan
  2450 | D:4      | Mangled by Duvessa

Levels and vault maps discovered:
D:1:      tarquinn_simple_flora_water_c, layout_rooms
D:2:      layout_basic, chequers_ecumenical_altar_twisty, serial_curves,
          eino_curves_02, eino_curves_04, uniq_jessica
D:3:      layout_loops_ring, nicolae_ashenzari_panopticon,
          lightli_temple_of_fire, led_sif_book, first_ration
D:4:      layout_rooms, serial_shops, kennysheep_mini, uniq_duvessa

Skill      XL: |  1  2  3  4  5 |
---------------+----------------+-----
Axes           | 3 4 5 |  5.8
Fighting       | 4 |  4.9
Shields        | 4 |  4.4
Armour         | 4 |  4.4

Action                   |  1- 3 |  4- 6 || total
-------------------------+-------+-------++-------
Melee: War axe           |    90 |   163 ||   253
  Use: Potion            |       |     1 ||     1
  Eat: Chunk             |       |     5 ||     5
Armor: Scale mail        |    46 |    72 ||   118
       Plate armour      |       |    33 ||    33
Dodge: Dodged            |    32 |    51 ||    83
Block: Shield            |    57 |   102 ||   159

Table legend:
 A = Non-vault XP
 B = Vault XP
 C = Vault XP percentage of total XP
 D = Non-vault monster count
 E = Vault monster count
 F = Vault count percentage of total count
                 A         B        C        D         E       F
            +---------+---------+-------+---------+---------+-------
      Total |     329 |     100 |  23.3 |      73 |       2 |   2.7
            +---------+---------+-------+---------+---------+-------
        D:1 |      37 |       0 |   0.0 |      22 |       0 |   0.0
        D:2 |      38 |      37 |  49.3 |      20 |       1 |   4.8
        D:3 |      50 |       0 |   0.0 |      18 |       0 |   0.0
        D:4 |     204 |      63 |  23.6 |      13 |       1 |   7.1
            +---------+---------+-------+---------+---------+-------
